 Dungeon Crawl Stone Soup version 0.31-a0-232-gb1c03b2570 (webtiles) character file.

Game seed: 13718297938840671109

37 qw the Shooter (level 3, -2/21 HPs)
             Began as a Gargoyle Hexslinger on July 7, 2023.
             Slain by a goblin
             ... wielding a +0 club
             ... led by Robin
              (6 damage)
             ... on level 1 of the Dungeon.
             The game lasted 00:00:18 (699 turns).

qw the Shooter (Gargoyle Hexslinger)                 Turns: 699, Time: 00:00:19

Health: -2/21      AC:  6    Str: 11    XL:     3   Next: 39%
Magic:  4/4        EV: 11    Int: 13    God:
Gold:   49         SH:  0    Dex: 14    Spells: 3/4 levels left

rFire   . . .        Y - +2 sling
rCold   . . .        (no shield)
rNeg    + . .        a - +0 leather armour
rPois   inf          (no helmet)
rElec   +            (no cloak)
rCorr   .            (no gloves)
SInv    .            (no boots)
Will    .....        (no amulet)
Stlth   +            (no ring)
HPRegen 0.23/turn    (no ring)
MPRegen 0.09/turn

%: no passive effects
@: about to teleport
A: sickness immunity, AC +3, negative energy resistance 1, electricity
resistance, torment resistance 1, petrification resistance
a: no special abilities


You were on level 1 of the Dungeon.
You visited 1 branch of the dungeon, and saw 2 of its levels.

You collected 49 gold pieces.


Innate Abilities, Weirdness & Mutations

You are immune to sickness and miasma.
Your stone body is resilient. (AC +3)
You are immune to poison.
You resist negative energy. (rN+)
You are resistant to electric shocks. (rElec)
You are resistant to unholy torment.
You are immune to petrification.


   Skills:
 - Level 2.0 Fighting
 + Level 3.3 Ranged Weapons
 - Level 1.5 Dodging
 - Level 1.0 Spellcasting
 - Level 2.6 Hexes


You had 3 spell levels left.
You knew the following spells:

 Your Spells              Type           Power      Damage    Failure   Level
a - Slow                  Hex            28%        N/A       12%         1

Your spell library contained the following spells:

 Spells                   Type           Power      Damage    Failure   Level
 Inner Flame              Hex/Fire       4%         N/A       54%         3
 Portal Projectile        Hex/Tloc       8%         N/A       54%         3
 Cause Fear               Hex            3%         N/A       77%         4

Inventory:

Hand Weapons
 Y - a +2 sling (weapon)
Armour
 a - a +0 leather armour (worn)
Scrolls
 b - a scroll of teleportation
 d - a scroll of identify
Potions
 e - a potion of berserk rage {unknown}

Dungeon Overview and Level Annotations

Branches:
Dungeon (2/15)

Altars:

Annotations:
D:2 Robin


Message History

You climb downwards.
Robin shouts!
The goblin shouts! x2; The hobgoblin shouts!
The endoplasm quivers.
The goblin shouts! x4
There is a stone staircase leading up here.
There are monsters nearby!
Waypoint 1 assigned to D:2.
You shoot a sling bullet. The goblin shouts!
The sling bullet hits the goblin!
You kill the goblin!
Robin throws the goblin at you!
You shoot a sling bullet.
The sling bullet closely misses the goblin.
The sling bullet hits the hobgoblin!
You kill the hobgoblin!
The goblin misses you. x2; The goblin barely misses you.
The goblin closely misses you.
You shoot a sling bullet.
The sling bullet closely misses the goblin.
The endoplasm freezes you.
You are frozen.
The goblin barely misses you.
Robin roars a battlecry!
The goblins go into a battle-frenzy!
The goblin hits you with a +0 club. x2; The goblin hits you but does no damage.
696 ||| STAIRDANCE The endoplasm freezes you.
You are frozen.
The goblin barely misses you. Robin throws the goblin at you!
The goblin hits you with a +0 club.
The goblin hits you but does no damage. x2
You climb upwards.
There is a stone staircase leading down here.
698 ||| READING 2 scrolls of teleportation.
As you read the scroll of teleportation, it crumbles to dust.
You feel strangely unstable. The goblin misses you.
The goblin closely misses you.
The endoplasm hits you but does no damage.
The goblin misses you.
You shoot a sling bullet.
The sling bullet barely misses the goblin.
The goblin hits you with a +0 club.
You die...

.......#.##
#.............#
########..##
#.####.######## ##..#
#.# ##.# ##.## #.#
#..#
#########..####.#
#.##
#............##.###.#
#.............#.##..#
#............gJg##.##
#............#g@g..#
#............#######
#............#
#............#
#............#
#............#
#............#
##############


You could see an endoplasm and 4 goblins.

Vanquished Creatures
  A gnoll (D:1)
  A dart slug (D:1)
  3 endoplasms (D:1)
  A giant cockroach (D:1)
  3 goblins
  3 hobgoblins
  2 kobolds (D:1)
  2 quokkas (D:1)
  2 ball pythons (D:1)
  3 bats (D:1)
  A rat (D:1)
22 creatures vanquished.

Notes
Turn   | Place    | Note
-------+----------+-------------------------------------------
     0 | D:1      | qw the Gargoyle Hexslinger began the quest for the Orb.
     0 | D:1      | Reached XP level 1. HP: 12/12 MP: 2/2
     0 | D:1      | 0 ||| qw: Version: 0.3-a-46-gb1f654a
     0 | D:1      | 0 ||| qw: Game counter: 2728
     0 | D:1      | 0 ||| qw: Melee chars always use a shield: true
     0 | D:1      | 0 ||| qw: God list: Okawaru
     0 | D:1      | 0 ||| qw: Allow faded altars: false
     0 | D:1      | 0 ||| qw: Do Orc after clearing Dungeon:15 true
     0 | D:1      | 0 ||| qw: Do second Lair branch before Depths: true
     0 | D:1      | 0 ||| qw: Lair rune preference: random
     0 | D:1      | 0 ||| qw: Goals: Normal
     0 | D:1      | 0 ||| PLANNING D:1-11
   152 | D:1      | Reached XP level 2. HP: 16/16 MP: 3/3
   214 | D:1      | 214 ||| READING scroll labelled XENUMO PUGOINT.
   215 | D:1      | 215 ||| READING scroll labelled CAACEV NANUTO.
   216 | D:1      | 216 ||| DROPPING scroll of poison.
   260 | D:1      | Reached skill level 3 in Ranged Weapons
   279 | D:1      | Reached XP level 3. HP: 8/21 MP: 4/4
   672 | D:1      | 672 ||| UPGRADING to +0 leather armour.
   682 | D:1      | 682 ||| DROPPING +0 robe.
   683 | D:1      | 683 ||| READING 3 scrolls labelled YFINEC PIAROJEDEST.
   686 | D:1      | 686 ||| READING 2 scrolls labelled XIF WIADUUT.
   692 | D:2      | Noticed Robin
   696 | D:2      | 696 ||| STAIRDANCE
   696 | D:2      | HP: 5/21 [Robin/goblin (1)]
   698 | D:1      | 698 ||| READING 2 scrolls of teleportation.
   699 | D:1      | Slain by a goblin

Levels and vault maps discovered:
D:1:      roderic_crossed_star, layout_basic, serial_glass, glass_columns_a,
          glass_columns_a
D:2:      wander_river, layout_rooms, serial_co_window_serial,
          co_window_corner_a, co_window_paths_b, co_window_paths_a,
          co_window_paths_b, co_window_paths_a, co_window_paths_c,
          co_window_corner_b, co_window_corner_cb, co_window_unsneaky_path_a,
          co_window_broadway_a, co_window_of_opportunity_c, co_window_4corner_b,
          kennysheep_generic_room_7, uniq_robin, uniq_natasha

Skill      XL: |  1  2 |
---------------+-------+-----
Ranged Weapons | 3 |  3.3
Fighting       | 2 |  2.0
Dodging        | |  1.5
Spellcasting   | |  1.0
Hexes          | |  2.6

Action                     || total
---------------------------++-------
   Fire: Sling             ||    66
    Use: Scroll            ||     5
 Armour: Robe              ||     9
         Leather armour    ||     4
  Dodge: Dodged            ||    21

Table legend:
 A = Non-vault XP
 B = Vault XP
 C = Vault XP percentage of total XP
 D = Non-vault monster count
 E = Vault monster count
 F = Vault count percentage of total count
                 A         B        C        D         E       F
            +---------+---------+-------+---------+---------+-------
      Total |      49 |       4 |   7.5 |      20 |       2 |   9.1
            +---------+---------+-------+---------+---------+-------
        D:1 |      49 |       0 |   0.0 |      20 |       0 |   0.0
        D:2 |       0 |       4 | 100.0 |       0 |       2 | 100.0
            +---------+---------+-------+---------+---------+-------
